AoeStats
← Marsheimer

Arabia

505267156Analyzed
2v2 RM · 24d ago on Sep 8, 2026· 51m 29s· 4 players
Game mode
Random Map
Map size
Medium (4 player)
Population
200
Speed
Normal
Resources
Standard
Victory
Conquest
Starting age
Dark Age
Ending age
Imperial Age
RankedLock teamsTeams togetherTeam positionsShared explorationLock speedFull tech treeHidden civsTurbo modeCheats
Victory
Defeat
🇨🇴 Magyars · Colombia
576
+11
🇨🇴 Portuguese · Colombia
526
+13
🇩🇪 Franks · Germany
462
-18
🇩🇪 Britons · Germany
460
-20
SetaSojiro01
4:05 Loom
11:52 Feudal Age
12:35 Town Watch
13:14 Man-at-Arms
15:36 Scale Barding Armor
17:41 Bloodlines
20:29 Horse Collar
20:38 Double-Bit Axe
24:03 Castle Age
22:32 Scale Mail Armor
23:17 Stone Mining
23:22 Gold Mining
23:33 Fletching
24:52 Town Patrol
25:15 Bow Saw
24:48 Pikeman
26:02 Husbandry
27:13 Padded Archer Armor
27:34 Chain Barding Armor
28:52 Thumb Ring
30:17 Wheelbarrow
31:17 Heavy Plow
31:36 Hand Cart
31:56 Chain Mail Armor
35:34 Murder Holes
37:26 Ballistics
38:23 Leather Archer Armor
39:54 Corvinian Army
44:12 Imperial Age
42:54 Bodkin Arrow
42:48 Arson
44:34 Elite Magyar Huszar
44:50 Halberdier
46:44 Conscription
47:49 Heavy Cavalry Archer
48:55 Parthian Tactics
49:02 Recurve Bow
52:55 Chemistry
51:36 Treadmill Crane
52:07 Masonry
rafaeldelfascio
1:53 Loom
10:48 Feudal Age
12:08 Double-Bit Axe
16:36 Horse Collar
16:54 Gold Mining
24:30 Castle Age
24:36 Castle Age
25:03 Padded Archer Armor
24:54 Fletching
25:47 Bow Saw
25:32 Stone Mining
25:05 Crossbowman
25:53 Thumb Ring
25:34 Pikeman
27:59 Scale Mail Armor
31:34 Stone Shaft Mining
33:53 Bodkin Arrow
34:14 Leather Archer Armor
34:15 Chain Mail Armor
37:52 Heavy Plow
38:31 Forging
39:08 Wheelbarrow
45:08 Imperial Age
42:03 Elite Skirmisher
45:51 Iron Casting
45:45 Caravan
46:16 Coinage
45:16 Elite Organ Gun
48:54 Two-Man Saw
48:05 Arquebus
48:15 Circumnavigation
48:26 Circumnavigation
49:37 Bracer
50:08 Ring Archer Armor
50:40 Blast Furnace
50:10 Light Cavalry
51:01 Bloodlines
50:52 Husbandry
Marsheimer
10:54 Feudal Age
14:29 Arson
19:45 Castle Age
20:55 Loom
25:35 Wheelbarrow
29:56 Pikeman
30:48 Husbandry
41:11 Imperial Age
44:20 Heated Shot
45:22 Onager
45:24 Capped Ram
47:39 Hand Cart
49:44 Elite Skirmisher
50:01 Crossbowman
MiDi38
13:16 Feudal Age
19:51 Castle Age
20:37 Wheelbarrow
29:56 Pikeman
50:45 Imperial Age
Connection lost

Rejoining the realm…

Still unreachable

The connection could not be restored.

Session expired

The server has moved on; the page needs a fresh start.